[gd_scene load_steps=8 format=2]

[ext_resource path="res://assets/models/characters/garbo/garbo.gltf" type="PackedScene" id=1]
[ext_resource path="res://assets/shaders/cel.shader" type="Shader" id=2]

[sub_resource type="ShaderMaterial" id=3]
shader = ExtResource( 2 )
shader_param/use_shadow = false
shader_param/base_color = Color( 0.27648, 0.48, 0.2496, 1 )
shader_param/use_specular = false
shader_param/specular_tint = Color( 0.75, 0.75, 0.75, 0.75 )

[sub_resource type="ShaderMaterial" id=2]
shader = ExtResource( 2 )
shader_param/use_shadow = false
shader_param/base_color = Color( 0.0980392, 0.0980392, 0.0980392, 1 )
shader_param/use_specular = false
shader_param/specular_tint = Color( 0.75, 0.75, 0.75, 0.75 )

[sub_resource type="ShaderMaterial" id=4]
shader = ExtResource( 2 )
shader_param/use_shadow = false
shader_param/base_color = Color( 0.858824, 0.854902, 0.505882, 1 )
shader_param/use_specular = false
shader_param/specular_tint = Color( 0.75, 0.75, 0.75, 0.75 )

[sub_resource type="ShaderMaterial" id=5]
shader = ExtResource( 2 )
shader_param/use_shadow = false
shader_param/base_color = Color( 0.662745, 0.662745, 0.662745, 1 )
shader_param/use_specular = false
shader_param/specular_tint = Color( 0.75, 0.75, 0.75, 0.75 )

[sub_resource type="ShaderMaterial" id=6]
shader = ExtResource( 2 )
shader_param/use_shadow = false
shader_param/base_color = Color( 0.427451, 0.427451, 0.427451, 1 )
shader_param/use_specular = false
shader_param/specular_tint = Color( 0.75, 0.75, 0.75, 0.75 )

[node name="Garbo" type="Spatial"]

[node name="Model" parent="." instance=ExtResource( 1 )]

[node name="Garbo" parent="Model" index="0"]
material/0 = SubResource( 3 )
material/1 = SubResource( 2 )
material/2 = SubResource( 4 )

[node name="Wheels" parent="Model" index="1"]
material/0 = SubResource( 5 )
material/1 = SubResource( 6 )
material/2 = SubResource( 2 )

[node name="Lid" parent="Model" index="2"]
material/0 = SubResource( 3 )

[editable path="Model"]
